 Dungeon Crawl Stone Soup version 0.30.1-11-g7821555f0a (webtiles) character file.

Game seed: 1991339862185532583

30 Ijustatesigmund the Magician (level 3, 0/19 HPs)
             Began as a Deep Elf Earth Elementalist on Dec 8, 2023.
             Slain by an adder (1 damage)
             ... on level 3 of the Dungeon.
             The game lasted 00:01:55 (1320 turns).

Ijustatesigmund the Magician (DEEE)                 Turns: 1320, Time: 00:01:55

Health: 0/19       AC:  3    Str:  5    XL:     3   Next: 3%
Magic:  9/10       EV: 12    Int: 21    God:
Gold:   120        SH:  0    Dex: 15    Spells: 6/10 levels left

rFire   . . .        c - +2 dagger (protect)
rCold   . . .        (no shield)
rNeg    . . .        a - +0 robe
rPois   .            (no helmet)
rElec   .            (no cloak)
rCorr   .            (no gloves)
SInv    .            g - +0 pair of boots
Will    .....        (no amulet)
Stlth   ++           (no ring)
HPRegen 0.23/turn    (no ring)
MPRegen 0.12/turn

%: no passive effects
@: no status effects
A: no striking features
a: no special abilities


You were on level 3 of the Dungeon.
You visited 1 branch of the dungeon, and saw 3 of its levels.

You collected 120 gold pieces.

Inventory:

Hand Weapons
 c - a +2 dagger of protection (weapon)
Armour
 a - a +0 robe (worn)
 g - a +0 pair of boots (worn)
Jewellery
 l - a ring of positive energy
Scrolls
 e - a scroll of immolation {unknown}
 j - a scroll of silence {unknown}
 k - a scroll of identify {unknown}
 m - a scroll of teleportation {unknown}
 n - a scroll of acquirement {unknown}
Potions
 b - a potion of magic
 d - 2 potions of lignification {unknown}
 f - a potion of berserk rage {unknown}
 h - a potion of curing {unknown}
 i - a potion of haste {unknown}


   Skills:
 - Level 2.4 Dodging
 - Level 2.4 Stealth
 + Level 4.0 Spellcasting
 - Level 1.1 Transmutations
 + Level 4.0 Earth Magic


You had 6 spell levels left.
You knew the following spells:

 Your Spells              Type           Power      Damage    Failure   Level
a - Sandblast             Erth           42%        2d11      2%          1
b - Stone Arrow           Conj/Erth      24%        3d8       16%         3

Your spell library contained the following spells:

 Spells                   Type           Power      Damage    Failure   Level
 Passwall                 Tmut/Erth      12%        N/A       6%          2
 Blink                    Tloc           8%         N/A       19%         2
 Lesser Beckoning         Tloc           8%         N/A       19%         2
 Momentum Strike          Conj/Tloc      8%         3d8       19%         2
 Petrify                  Tmut/Erth      15%        N/A       38%         4


Dungeon Overview and Level Annotations

Branches:
Dungeon (3/15)

Altars:

Annotations:
D:3 Sigmund


Message History

You finish memorising.
Spell assigned to 'b'.
You now have 120 gold pieces (gained 10).
Found a stone staircase leading down.
You see here a +0 club.
Done exploring.
Done exploring.
(D) Dungeon
Where to? (Enter - D:2, ? - help)
There is a stone staircase leading down here.
You climb downwards.
Found 5 large rocks.
There is a stone staircase leading up here.
A goblin comes into view. It is wielding a +0 club.
The goblin shouts!
Casting: Sandblast (safe; 2% risk of failure)
Confirm with . or Enter, or press ? or * to list all spells.
Aiming: Sandblast (safe; 2% risk of failure)
Press: ? - help, Shift-Dir - straight line, f - goblin
Aim: a goblin, wielding a +0 club (79% to hit)
The blast of sand hits the goblin!
You kill the goblin!
Magic restored.
An adder comes into view.
Sigmund the Dreaded comes into view.
He is wielding a +3 scythe of pain.
Sigmund shouts!
The adder hisses angrily.
Sigmund barely misses you.
Casting: Sandblast (safe; 2% risk of failure)
Confirm with . or Enter, or press ? or * to list all spells.
Aiming: Sandblast (safe; 2% risk of failure)
Press: ? - help, Shift-Dir - straight line, f - adder
Aim: an adder (72% to hit)
The blast of sand hits the adder.
The adder is moderately wounded.
Sigmund hits you from afar with a +3 scythe of pain!
You writhe in agony.
The adder barely misses you.
Sigmund points at you and mumbles some strange words.
The puff of flame hits you!
* * * LOW HITPOINT WARNING * * *
The adder bites you.
You die...

#........#
#........#
#........###
#..........+
##..?......##
##......@....#
#..........#
##.#..S#####
#.#.#@# ....#.#
#.###.#####.#
#.#.........#
#.#.#.#####.#
#.#####.#.#..#
#..........).#
#.#######.#.#..#
.......<..#.#..#


You could see Sigmund and an adder.

Vanquished Creatures
  A worm (D:2)
  A dart slug (D:1)
  2 ball pythons (D:1)
  A bat (D:2)
  3 endoplasms
  2 giant cockroaches
  2 goblins
  2 hobgoblins
  2 kobolds
  A quokka (D:1)
  2 frilled lizards (D:2)
  3 rats (D:1)
22 creatures vanquished.

Notes
Turn   | Place    | Note
-------+----------+-------------------------------------------
     0 | D:1      | Ijustatesigmund the Deep Elf Earth Elementalist began the
                  | quest for the Orb.
     0 | D:1      | Reached XP level 1. HP: 10/10 MP: 6/6
   328 | D:1      | Reached XP level 2. HP: 15/15 MP: 5/8
  1110 | D:2      | Reached XP level 3. HP: 19/19 MP: 6/10
  1147 | D:2      | Learned a level 3 spell: Stone Arrow
  1316 | D:3      | Noticed Sigmund
  1320 | D:3      | Slain by an adder

Illustrated notes

Levels and vault maps discovered:
D:1:      grunt_arrival_lava_bath, layout_loops_ring, minmay_tromino_v4_c
D:2:      layout_rooms
D:3:      layout_basic, shapermc_ecumenical_altar_mp_urbaneastern,
          roderic_st_hans_cross, minmay_quantized, uniq_grinder, uniq_sigmund,
          uniq_jessica, uniq_crazy_yiuf_cottage

Skill      XL: |  1  2 |
---------------+-------+-----
Spellcasting   | 4 |  4.0
Earth Magic    | 4 |  4.0
Dodging        | |  2.4
Stealth        | |  2.4
Transmutations | |  1.1

Action                     || total
---------------------------++-------
  Melee: Dagger            ||     2
   Cast: Sandblast         ||    32
 Armour: Robe              ||     2
  Dodge: Dodged            ||     6
